[Event "*** Titled Tuesday 3|2 Blitz"]
[Site "Chess.com"]
[Date "2015.02.24"]
[Round "9"]
[White "petrpalachev"]
[Black "GulamaliRises"]
[Result "1-0"]
[WhiteElo "2388"]
[BlackElo "2320"]
[TimeControl "180+2"]
[EndTime "12:59:07 PST"]
[Termination "petrpalachev won by resignation"]

1. d4 f5 2. c4 Nf6 3. Nc3 e6 4.
e3 Bb4 5. Bd3 b6 6. Nf3 Bb7 7.
O-O O-O 8. Bd2 Bxc3 9. Bxc3 Ne4 10. Be1 d6 11. Nd2 Qg5 12. f4 Qg6 13. Nxe4 Bxe4 14. Bxe4 fxe4 15. Qa4 Qe8 16. Qxe8 Rxe8 17. a4 a5 18. b3 Nc6 19. Bc3 Ne7 20. g4 d5 21.
Rac1 Kf7 22. Bb2 h5 23. gxh5 Rh8 24. Ba3 c5 25. dxc5 bxc5 26. Bxc5 Nf5 27. cxd5 exd5 28. Rfd1 Rad8 29. Bb6 Rd7 30. Rc7 Rxc7 31. Bxc7 Nxe3 32. Re1 Nf5 33. Bxa5 Ke6 34. Bc7 Nd4 35. Rb1 Rxh5 36. f5+ Kxf5 37. b4 Nf3+ 38. Kg2 Nd2 39. Rb2 e3 40. b5 Nc4 41. Rb1 Nd2 42. Re1 d4 43.
b6 Rg5+ 44. Bg3 Rg6 45. b7 Rb6 46. b8=Q Rxb8 47. Bxb8 Ke4 48. a5 Nf3 49. Ra1 d3 50.
Ra4+ Nd4 51. Ba7 d2 52. Rxd4+ Ke5 53. Kf3 1-0

[Event "*** Titled Tuesday 3|2 Blitz"]
[Site "Chess.com"]
[Date "2015.02.24"]
[Round "9"]
[White "1stSecond"]
[Black "Schemato"]
[Result "0-1"]
[WhiteElo "2359"]
[BlackElo "2099"]
[TimeControl "180+2"]
[EndTime "12:59:15 PST"]
[Termination "Schemato won by resignation"]

1. e4 e6 2. Nc3 d5 3. Nf3 Nf6 4.
e5 Nfd7 5. d4 c5 6. dxc5 Nc6 7.
Bf4 Bxc5 8. Qd2 f6 9. exf6 Qxf6 10. O-O-O O-O 11. Bg5 Qf7 12. Bd3 Nb4 13. Be3 Nxd3+ 14.
Qxd3 Bd6 15. Ng5 Qf5 16. Qxf5 Rxf5 17. Nxe6 Nb6 18. g4 Re5 19. Nd4 Bxg4 20. Rdg1 h5 21. h3 Bd7 22. Bf4 Rf8 23. Bxe5 Bxe5 24. Nde2 Bc6 25.
Rg5 Bf6 26. Rgg1 d4 27. Nd1 Bxh1 28. Rxh1 Re8 29. Ng3 h4 30. Nf5 Nc4 31. b3 Na3 32. Kb2 Nb5 33. Kc1 Re2 34. Kb1 Na3+ 35. Kb2 Nxc2 36.
Nd6 d3+ 37. Nc3 Nb4+ 38. Kb1 Bxc3 39. Nc4 b5 40. Rc1 bxc4 41. Rxc3 d2 42. Rc1 dxc1=Q+ 43. Kxc1 Rxf2 44. bxc4 Rh2 45. c5 Rxh3 46. Kb2 Nc6 47. a3 Rg3 48. Ka2 h3 49. a4 h2 50. a5 h1=Q 0-1

[Event "*** Titled Tuesday 3|2 Blitz"]
[Site "Chess.com"]
[Date "2015.02.24"]
[Round "9"]
[White "destroyer305"]
[Black "FytNob"]
[Result "1-0"]
[WhiteElo "2123"]
[BlackElo "1874"]
[TimeControl "180+2"]
[EndTime "12:59:24 PST"]
[Termination "destroyer305 won by resignation"]

1. e4 Nc6 2. d4 e5 3. Nf3 exd4 4.
Bc4 Bb4+ 5. c3 dxc3 6. bxc3 Bc5 7. Bxf7+ Kxf7 8. Qd5+ Kf8 9. Qxc5+ d6 10. Qb5 Nf6 11. Nbd2 Qe7 12. O-O h6 13. Re1 a6 14. Qb3 Qf7 15. Qb1 b6 16. Ba3 Kg8 17. e5 Nxe5 18. Nxe5 dxe5 19. Rxe5 Bd7 20. Ne4 Re8 21. Nxf6+ Qxf6 22. Rxe8+ Bxe8 23. Qe4 Bg6 24. Qc4+ Qf7 25. Qxa6 Kh7 26.
Re1 Qxa2 27. h4 Rf8 28. Re2 Qb1+ 29. Kh2 Bd3 30. Rb2 Qxb2 31. Qxd3+ Kh8 32. Bxb2 Rxf2 33. Bc1 Rf7 34. Qe4 Rf1 35. Bf4 c5 36. Bc7 Rf6 37. c4 Kg8 38. Qe8+ Kh7 39. Qb8 Kg6 40. Bxb6 Kh5 41. Bxc5 Rc6 42. Qe8+ Rg6 43. g4+ 1-0

[Event "*** Titled Tuesday 3|2 Blitz"]
[Site "Chess.com"]
[Date "2015.02.24"]
[Round "9"]
[White "GasconJR"]
[Black "LuckyTiger"]
[Result "0-1"]
[WhiteElo "2284"]
[BlackElo "2469"]
[TimeControl "180+2"]
[EndTime "12:59:33 PST"]
[Termination "LuckyTiger won by resignation"]

1. e4 c5 2. Nf3 d6 3. d4 Nf6 4.
Nc3 cxd4 5. Nxd4 a6 6. Bg5 e6 7.
f4 Nc6 8. Nxc6 bxc6 9. e5 h6 10. Bh4 g5 11. fxg5 Nd5 12. Ne4 Qb6 13. c3 dxe5 14.
g6 fxg6 15. Bd3 Qe3+ 16. Qe2 Qxe2+ 17. Bxe2 Be7 18. Bxe7 Kxe7 19. O-O Bd7 20. Rf2 Rhf8 21. Rxf8 Kxf8 22. Rf1+ Ke7 23. Nc5 a5 24. Bd3 Nf4 25.
Be4 Be8 26. g3 Nd5 27. c4 Ne3 28. Rc1 Rd8 29. Nd3 Rd4 30. Nf2 c5 31. b3 Nf5 32.
Rd1 Nd6 33. Bc2 g5 34. Kf1 a4 35. Nd3 Ne4 36. Nxe5 Rxd1+ 37. Bxd1 Nc3 38. Bc2 a3 39. Nd3 Nxa2 40. Nxc5 Nb4 41. Bb1 Bg6 0-1

[Event "*** Titled Tuesday 3|2 Blitz"]
[Site "Chess.com"]
[Date "2015.02.24"]
[Round "9"]
[White "kinetix"]
[Black "BjarkeSahl"]
[Result "0-1"]
[WhiteElo "1518"]
[BlackElo "2129"]
[TimeControl "180+2"]
[EndTime "12:59:35 PST"]
[Termination "BjarkeSahl won by resignation"]

1. e4 c6 2. d4 d5 3. f3 dxe4 4. Nc3 e5 5. dxe5 Qb6 6. Bf4 Bc5 7. Na4 Qa5+ 8. c3 Bxg1 9. b4 Qd5 10. Rxg1 Ne7 11. Nc5 Ng6 12. Bg3 exf3 13. Qxd5 cxd5 14. gxf3 O-O 15. Bd3 Nc6 16. Bxg6 hxg6 17. Kf2 b6 18. Nb3 Be6 19. Nd4 Rfc8 20. Rac1 Ne7 21. Nb5 Nf5 22. Rgd1 a5 23. a3 Rc6 24. Nd6 axb4 25. axb4 Ra2+ 26.
Kg1 Ne3 27. Re1 Nc2 28. Re2 d4 29. cxd4 Nxd4 30. Rxc6 Nxe2+ 31. Kf2 Nd4+ 0-1

[Event "*** Titled Tuesday 3|2 Blitz"]
[Site "Chess.com"]
[Date "2015.02.24"]
[Round "9"]
[White "Gevorg_Harutjunyan"]
[Black "AndreyOstrovskiy"]
[Result "1-0"]
[WhiteElo "2511"]
[BlackElo "2334"]
[TimeControl "180+2"]
[EndTime "12:59:41 PST"]
[Termination "Gevorg_Harutjunyan won by resignation"]

1. e4 e5 2. Nf3 Nc6 3. Bb5 a6 4. Ba4 Nf6 5. O-O Be7 6. Re1 b5 7. Bb3 d6 8. c3 O-O 9. h3 h6 10.
d4 Re8 11. Nbd2 Bf8 12. Bc2 Bd7 13. Nf1 Na5 14. Ng3 Nc4 15. b3 Nb6 16. Bb2 c5 17.
Qd3 c4 18. Qd2 g6 19. Rad1 Qc8 20. Ba3 Bxh3 21. gxh3 Qxh3 22. dxe5 dxe5 23. Bxf8 Rxf8 24. Qe2 Rfe8 25. Rd6 Nfd7 26. Red1 Rac8 27. Qe3 Qg4 28.
Nh2 Qf4 29. Rxd7 Qxe3 30. fxe3 Nxd7 31. Rxd7 Red8 32. Rxd8+ Rxd8 33. Ngf1 cxb3 34. Bxb3 Rc8 35. Ng4 Rxc3 36. Nxe5 Kg7 37. Nxf7 a5 38. Bd5 b4 39. Nd6 a4 40. Nb5 Rc2 41. Nd4 Rb2 42. e5 g5 43. Ng3 Kg6 44. e6 Kf6 45. Ngf5 b3 46.
axb3 a3 47. b4 a2 48. Bxa2 Rxa2 49. Nxh6 Rb2 50. b5 Ke7 51. Nhf5+ Kf6 52. e7 Kf7 53. e4 g4 54. e5 Ke8 55. Nc6 Kd7 56. Nd6 Rb1+ 57.
Kg2 Rb2+ 58. Kg3 Rb3+ 59. Kxg4 1-0

[Event "*** Titled Tuesday 3|2 Blitz"]
[Site "Chess.com"]
[Date "2015.02.24"]
[Round "9"]
[White "LyonBeast"]
[Black "DanielNaroditsky"]
[Result "1-0"]
[WhiteElo "2764"]
[BlackElo "2582"]
[TimeControl "180+2"]
[EndTime "12:59:42 PST"]
[Termination "LyonBeast won by resignation"]

1. b3 d5 2. e3 Bf5 3. Bb2 e6 4. Nf3 Nf6 5. Be2 Be7 6. O-O O-O 7. c4 c6 8. d3 Nbd7 9. Nh4 Bg6 10. Nd2 a5 11. a3 Nc5 12. Nxg6 hxg6 13. Qc2 Bd6 14. Rfc1 Rc8 15. b4 axb4 16. axb4 Na6 17. c5 Bb8 18. Bxf6 Qxf6 19. d4 Nc7 20. f4 g5 21. Rf1 Ne8 22. Qd3 Qh6 23. g3 Nf6 24. b5 g6 25. Nf3 Ne4 26. b6 Kg7 27. Qc2 Rh8 28. Bd3 gxf4 29. exf4 Nf6 30. Rae1 Ng4 31. h4 Nf6 32. Ng5 Rce8 33. Qf2 Ng4 34. Qf3 Nf6 35. Re2 Qh5 36. Qxh5 Nxh5 37. Kg2 Re7 38.
Ree1 Rhe8 39. Be2 f6 40. Bxh5 fxg5 41. Bg4 gxf4 42. gxf4 Kf6 43. Kg3 Rh8 44. Rf3 Rhe8 45. Rfe3 Kf7 46. Kf3 Kf6 47. R3e2 Kf7 48. h5 Kf6 49. hxg6 Kxg6 50. Rxe6+ Rxe6 51. Rxe6+ 1-0

[Event "*** Titled Tuesday 3|2 Blitz"]
[Site "Chess.com"]
[Date "2015.02.24"]
[Round "9"]
[White "Carolina-moon"]
[Black "MattyDPerrine"]
[Result "1-0"]
[WhiteElo "1919"]
[BlackElo "2032"]
[TimeControl "180+2"]
[EndTime "12:59:46 PST"]
[Termination "Carolina-moon won by resignation"]

1. e4 c5 2. Nf3 e6 3. d4 cxd4 4.
Nxd4 Nf6 5. Nc3 d6 6. g3 a6 7. Bg2 Qc7 8. O-O Be7 9. a4 O-O 10. h3 Nc6 11. Be3 Ne5 12. Qe2 Rb8 13. f4 Nc4 14.
Bc1 Bd7 15. b3 Nb6 16. Bb2 Rfd8 17. Qf2 Rbc8 18. a5 Na8 19. g4 b6 20. axb6 Qxb6 21.
Kh1 Bf8 22. Na4 Qc7 23. c4 Nb6 24. Nc3 e5 25. Nf5 Bxf5 26. gxf5 Re8 27. Rxa6 Nbd7 28. Ra7 Qb6 29. Qxb6 Nxb6 30. fxe5 dxe5 31. Nb5 Bc5 32. Rb7 Rb8 33. Rxb8 Rxb8 34. Ra1 Nfd7 35. Kh2 f6 36. Kg3 Kf7 37. Bf3 Rb7 38. Ra6 Be7 39. Bh5+ Kf8 40.
Ba3 Bxa3 41. Rxa3 Nc5 42. Nd6 Rd7 43. b4 Nxe4+ 44. Nxe4 Nxc4 45. Ra8+ 1-0

[Event "*** Titled Tuesday 3|2 Blitz"]
[Site "Chess.com"]
[Date "2015.02.24"]
[Round "9"]
[White "megarompa"]
[Black "Ar4uha"]
[Result "0-1"]
[WhiteElo "2643"]
[BlackElo "2481"]
[TimeControl "180+2"]
[EndTime "12:59:53 PST"]
[Termination "Ar4uha won by resignation"]

1. d4 Nf6 2. c4 e6 3. Nc3 Bb4 4.
e3 O-O 5. Ne2 Re8 6. a3 Bf8 7. Ng3 d5 8. Bd3 b6 9. O-O g6 10. b4 Bb7 11. Bb2 a5 12. b5 Nbd7 13. Rc1 h5 14. cxd5 exd5 15. Nge2 Bd6 16. Nf4 Nf8 17.
a4 Qd7 18. h3 Ne6 19. Nxe6 Qxe6 20. Rc2 Ne4 21. Nxe4 dxe4 22. Bc4 Qe7 23. Qe2 Rad8 24.
Bb3 Qg5 25. Rfc1 Bd5 26. Bxd5 Qxd5 27. Qc4 Qxc4 28. Rxc4 Kf8 29. R4c3 Ke7 30. Ba3 Bxa3 31. Rxa3 Kd7 32. Rac3 Rc8 33. h4 Re6 34. Kh2 Rd6 35. Kg3 Rd5 36. Rc6 Rd6 37. Rxd6+ cxd6 38. Rc6 Rxc6 39. bxc6+ Kxc6 40. Kf4 Kd5 41. f3 exf3 42. Kxf3 Kc4 43. Ke2 b5 44. axb5 Kxb5 45. Kd3 d5 46. e4 dxe4+ 47. Kxe4 a4 48. Kd3 a3 49. Kc3 a2 50.
Kb2 Kc4 51. Kxa2 Kxd4 52. Kb2 Ke4 53. Kc3 Kf4 54. Kd4 Kg4 55. Ke5 Kxh4 56. Kf6 Kg3 57. Kxf7 Kxg2 58. Kxg6 h4 59. Kg5 h3 0-1

[Event "*** Titled Tuesday 3|2 Blitz"]
[Site "Chess.com"]
[Date "2015.02.24"]
[Round "9"]
[White "AnthonyWirig"]
[Black "Argente"]
[Result "0-1"]
[WhiteElo "2488"]
[BlackElo "2214"]
[TimeControl "180+2"]
[EndTime "12:59:57 PST"]
[Termination "Argente won by resignation"]

1. e4 g6 2. h4 d5 3. exd5 Qxd5 4. Nc3 Qd6 5. d4 Bg7 6. Nf3 Nf6 7. h5 Nxh5 8. Nb5 Qd8 9. Rxh5 gxh5 10. Bf4 Na6 11.
c3 c6 12. Na3 Nc7 13. Ne5 Bf5 14. Qxh5 Bg6 15. Qf3 Nd5 16. Bc4 Nxf4 17. Qxf4 e6 18. Bb3 Qf6 19. Qe3 h5 20. Nac4 O-O-O 21. Nf3 Kb8 22. Nce5 Bh6 23. Qe2 Bf4 24. a4 h4 25. Kf1 h3 26. g3 Bxe5 27. Nxe5 c5 28. dxc5 Qg5 29. c6 h2 30. Kg2 Qd2 31. Qf3 h1=Q+ 32. Rxh1 Rxh1 33. Kxh1 Qe1+ 34. Kg2 Be4 35. cxb7 Bxf3+ 36. Nxf3 Qe4 0-1

[Event "*** Titled Tuesday 3|2 Blitz"]
[Site "Chess.com"]
[Date "2015.02.24"]
[Round "9"]
[White "GedoGluperd"]
[Black "AUSSIE_PINOY"]
[Result "1-0"]
[WhiteElo "2253"]
[BlackElo "2341"]
[TimeControl "180+2"]
[EndTime "13:00:24 PST"]
[Termination "GedoGluperd won by checkmate"]

1. Nf3 c5 2. g3 b6 3. Bg2 Bb7 4.
O-O Nf6 5. d3 a6 6. e4 d6 7. Re1 e6 8. Nbd2 Nbd7 9. c3 Qc7 10. d4 Be7 11. e5 dxe5 12. dxe5 Nd5 13. a3 b5 14. a4 O-O 15. axb5 axb5 16. Rxa8 Rxa8 17. Qe2 b4 18. c4 N5b6 19. Qd3 h6 20. b3 Bc6 21. Bb2 Qb7 22. Rd1 Nf8 23. Ne1 Rd8 24.
Qc2 Bxg2 25. Nxg2 Ng6 26. Ne3 Bf8 27. f4 Ne7 28. Qe4 Qc8 29. Nf3 Rxd1+ 30. Nxd1 Nf5 31. g4 Ne7 32. Ne3 Qa6 33. f5 Qa2 34. Qc2 Nbc8 35.
Nd2 Nc6 36. Ne4 N8a7 37. h4 Nc8 38. h5 Nb6 39. f6 Nd7 40. g5 Ndxe5 41. g6 fxg6 42.
hxg6 Nxg6 43. fxg7 Bxg7 44. Nf6+ Kf7 45. Neg4 Nd4 46.
Qf2 Qb1+ 47. Kh2 Nf5 48. Qg2 Qd3 49. Qb7+ Nfe7 50. Qb8 Qxb3 51. Qe8# 1-0

[Event "*** Titled Tuesday 3|2 Blitz"]
[Site "Chess.com"]
[Date "2015.02.24"]
[Round "9"]
[White "Zlatan56"]
[Black "BeerLag"]
[Result "1-0"]
[WhiteElo "2527"]
[BlackElo "2401"]
[TimeControl "180+2"]
[EndTime "13:00:26 PST"]
[Termination "Zlatan56 won by resignation"]

1. Nf3 Nf6 2. g3 g6 3. b3 Bg7 4.
Bb2 O-O 5. Bg2 c5 6. c4 Nc6 7. O-O d6 8. d4 cxd4 9. Nxd4 Bd7 10. Nc3 Nxd4 11. Qxd4 Bc6 12. Nd5 Bxd5 13. cxd5 b5 14. Rfc1 Nh5 15. Qd2 Bxb2 16. Qxb2 Qd7 17. Rc6 Nf6 18.
Rac1 Qf5 19. Qd4 Nd7 20. Rc7 Ne5 21. Rxe7 Rfc8 22. Rf1 a5 23. Ra7 Qc2 24. Rxa8 Rxa8 25. f4 Nd7 26. e4 a4 27. Rf2 Qc1+ 28. Bf1 axb3 29. axb3 Nc5 30. e5 Nxb3 31. Qb4 Nc5 32. exd6 Qe3 33. Qd2 Qxd2 34. Rxd2 b4 35. Rc2 Nd7 36.
Rc7 Rd8 37. Rb7 Nf6 38. Rxb4 Rxd6 39. Bg2 Kg7 40. Rb5 h5 41. h3 Kf8 42. Kf2 Ke7 43. Ke3 Nd7 44. Bf1 Ra6 45. Rb7 Ra3+ 46. Kd4 Kd6 47. Bb5 Nc5 48. Rb6+ Ke7 49. Kxc5 1-0

[Event "*** Titled Tuesday 3|2 Blitz"]
[Site "Chess.com"]
[Date "2015.02.24"]
[Round "9"]
[White "ChessTrener"]
[Black "stepanosinovsky"]
[Result "0-1"]
[WhiteElo "2470"]
[BlackElo "2271"]
[TimeControl "180+2"]
[EndTime "13:00:35 PST"]
[Termination "stepanosinovsky won by resignation"]

1. e4 e5 2. Nf3 Nc6 3. Bb5 a6 4.
Bxc6 dxc6 5. Nc3 f6 6. d4 exd4 7. Qxd4 Qxd4 8. Nxd4 Bd7 9. Be3 O-O-O 10. O-O-O Ne7 11. f3 g6 12. h4 Bg7 13. h5 f5 14.
Nde2 fxe4 15. Nxe4 Nd5 16. Bd4 Bxd4 17. Nxd4 b6 18.
Rh2 c5 19. Ne2 Ne3 20. Rdh1 gxh5 21. Nf4 Bc6 22. Nf6 Rd4 23. N4xh5 Rhd8 24. b3 Rd2 25. g4 Rd1+ 26. Rxd1 Rxd1+ 27. Kb2 Bxf3 28. Rh3 Rf1 29. Ng3 Rf2 30. Nge4 Rxc2+ 31. Kb1 Bxe4 32. Nxe4 Re2 33. Nf6 a5 34. Rxh7 a4 35. bxa4 c4 36. Ne4 Nd5 37. Ng3 Rg2 38. Rh3 Nc3+ 39. Kc1 Rxg3 40.
Rxg3 Ne2+ 41. Kc2 Nxg3 42. Kc3 Nf1 43. g5 Ne3 44. g6 Nf5 45. Kxc4 Kd7 46. Kb5 Nd6+ 47.
Kb4 Ke6 48. a5 c5+ 49. Ka4 b5+ 50. Kb3 Kf6 51. a6 Nc8 52. a4 b4 53. a5 Kxg6 54. a7 Nxa7 0-1

[Event "*** Titled Tuesday 3|2 Blitz"]
[Site "Chess.com"]
[Date "2015.02.24"]
[Round "9"]
[White "rhungaski"]
[Black "kesarev"]
[Result "1-0"]
[WhiteElo "2430"]
[BlackElo "2258"]
[TimeControl "180+2"]
[EndTime "13:00:48 PST"]
[Termination "rhungaski won by resignation"]

1. d4 g6 2. c4 Bg7 3. Nf3 Nf6 4.
Nc3 O-O 5. e4 d6 6. Be2 e5 7. dxe5 dxe5 8. Qxd8 Rxd8 9. Bg5 Na6 10. Nd5 Rd6 11. Nxf6+ Bxf6 12. Bxf6 Rxf6 13. Nxe5 Re6 14.
f4 f6 15. Ng4 h5 16. Nf2 Nc5 17. O-O-O Re8 18. Bf3 a5 19. b3 Bd7 20. Rhe1 Bc6 21. f5 gxf5 22. Bxh5 Re5 23. Bg6 fxe4 24. h4 Kg7 25. h5 Be8 26. Bxe8 Raxe8 27. g4 Kh6 28.
Re3 Kg5 29. Rg1 Kh6 30. Kd2 Rg8 31. Nh3 Ne6 32. Reg3 Rd8+ 33. Ke1 Nd4 34. Kf2 Nf3 35. Rxf3 exf3 36. Nf4 Rd2+ 37. Kxf3 Rxa2 38. Nd5 Re6 39. Ne3 Rb2 40. Kf4 Rxb3 41. Nf5+ Kh7 42. Nd4 Reb6 43. Nxb3 Rxb3 44. Rd1 Rc3 45. Rd7+ Kh6 46. Rxc7 b5 47.
c5 a4 48. Rc6 Kg7 49. Rc7+ Kh6 50. Rc6 Kg7 51. Rc7+ Kh8 52. Kf5 Kg8 53. Kg6 Kf8 54. h6 b4 55. h7 Rh3 56. Rb7 b3 57. c6 Ke8 58. Rb8+ Ke7 59. c7 1-0

[Event "*** Titled Tuesday 3|2 Blitz"]
[Site "Chess.com"]
[Date "2015.02.24"]
[Round "9"]
[White "SuPeR_Fm"]
[Black "xtremeungar"]
[Result "1-0"]
[WhiteElo "2322"]
[BlackElo "2225"]
[TimeControl "180+2"]
[EndTime "13:00:50 PST"]
[Termination "SuPeR_Fm won by resignation"]

1. d4 Nf6 2. c4 g6 3. Nc3 Bg7 4. e4 O-O 5. e5 Ne8 6. Nf3 d6 7. Bf4 c5 8. dxc5 Nc6 9. cxd6 exd6 10. exd6 Qf6 11. Qd2 Nxd6 12. Qxd6 Be6 13. Qd2 Rad8 14.
Qc1 Rfe8 15. Be2 Bxc4 16. Bg5 Qe6 17. Be3 Bxc3+ 18. Qxc3 Bxe2 19. Kxe2 Ne7 20. Rhd1 Qa6+ 21. Ke1 Nd5 22. Rxd5 Rxd5 23. a3 Red8 24. Nd4 Qa4 25.
Rd1 b5 26. Rd2 a5 27. Nf3 b4 28. Qc2 Qb5 29. Rxd5 Rxd5 30. a4 Qd7 31. h3 f6 32.
Nd2 Kg7 33. Ne4 Re5 34. Nc5 Qd5 35. Nd3 Re7 36. Nf4 Qa2 37. Ke2 b3 38. Qc3 Qxa4 39.
Qc5 Rb7 40. Ne6+ Kf7 41. Nd8+ Ke8 42. Nxb7 Qa2 43. Qc6+ Kf7 44. Qd7+ Kg8 45. Qd5+ Kg7 46. Bd4 Qb1 47. Qd7+ Kh6 48. Be3+ g5 49. Qd2 a4 50. Nc5 a3 51. bxa3 b2 52. Nd3 1-0

[Event "*** Titled Tuesday 3|2 Blitz"]
[Site "Chess.com"]
[Date "2015.02.24"]
[Round "9"]
[White "Tilicheev_Viacheslav"]
[Black "Kacparov"]
[Result "1-0"]
[WhiteElo "2548"]
[BlackElo "2441"]
[TimeControl "180+2"]
[EndTime "13:01:26 PST"]
[Termination "Tilicheev_Viacheslav won by resignation"]

1. e4 c5 2. Nf3 e6 3. b3 b6 4. Bb2 Bb7 5. Bd3 Nc6 6. a3 Nge7 7.
O-O Ng6 8. Re1 Qc7 9. Nc3 d6 10. Bf1 Be7 11. d4 cxd4 12. Nxd4 O-O 13. Ncb5 Qb8 14. c4 a6 15. Nc3 Bf6 16. Nxc6 Bxc6 17. Qd2 b5 18. cxb5 axb5 19. Rad1 b4 20. axb4 Qxb4 21.
Nd5 Qxd2 22. Nxf6+ gxf6 23. Rxd2 Ra2 24. Red1 Bxe4 25.
Bxf6 Bc2 26. b4 Bxd1 27. Rxa2 Rb8 28. b5 Bb3 29. Ra6 d5 30. h4 h5 31. Rc6 Bc4 32.
Bxc4 dxc4 33. Rc5 e5 34. g3 Rb6 35. Bxe5 Nf8 36. Bd4 Rb7 37. Rxh5 f6 38. Bxf6 Nd7 39. Bd4 Kf7 40. f4 Ke6 41. Kf2 Rc7 42. b6 Rb7 43.
Ke3 Rb8 44. Ke4 Rc8 45. b7 Rb8 46. Rh6+ Ke7 47. Rc6 Rxb7 48. Rxc4 Rb3 49. Rc3 Rb1 50.
Re3 Kf7 51. Kf3 Rf1+ 52. Kg2 Rd1 53. Be5 Nf8 54. h5 Ne6 55. Kh3 Rh1+ 56. Kg4 Nf8 57. Ra3 Nd7 58. Ra7 Ke6 59. Kg5 Nc5 60. g4 Ne4+ 61.
Kg6 Rh4 62. g5 Ng3 63. h6 Rh1 64. h7 Nf5 65. Ra6+ 1-0

[Event "*** Titled Tuesday 3|2 Blitz"]
[Site "Chess.com"]
[Date "2015.02.24"]
[Round "9"]
[White "gmjlh"]
[Black "chito89"]
[Result "0-1"]
[WhiteElo "2476"]
[BlackElo "2595"]
[TimeControl "180+2"]
[EndTime "13:01:30 PST"]
[Termination "chito89 won by checkmate"]

1. e4 g6 2. d4 Bg7 3. Nc3 d6 4.
Be3 a6 5. Qd2 b5 6. f3 Bb7 7. g4 Nd7 8. h4 h5 9. g5 e6 10. a4 b4 11. Nce2 c5 12. Rd1 Ne7 13.
dxc5 dxc5 14. b3 Qc7 15. Kf2 Ne5 16. Qd6 Qxd6 17. Rxd6 c4 18. Rb6 Bc6 19. Nd4 cxb3 20. cxb3 O-O 21. Rxa6 Rac8 22. Nh3 Bxe4 23. Rg1 Nd5 24. fxe4 Nxe3 25. Kxe3 Rc3+ 26. Ke2 Rd8 27. Nb5 Rc2+ 28. Ke3 Ng4+ 29. Kf3 Nh2+ 30. Ke3 Ng4+ 31. Kf3 Bd4 32. Rh1 Ne5+ 33. Kg3 Bc3 34. Nf4 Be1+ 35. Kh3 Ng4 36. Nd3 Rxd3+ 37. Bxd3 Nf2+ 38. Kg2 Nxd3+ 39. Kf3 Bd2 40. Ra8+ Kg7 41. Nd4 Ne5+ 42. Ke2 Ra2 43. Nf3 Bf4+ 44. Kf1 Nxf3 45. Rh3 Nd2+ 46. Ke1 Nxe4 47. a5 Bg3+ 48. Kf1 Bf2 49. a6 Ng3+ 50. Kg2 Nf5 51. Kf3 Nxh4+ 52. Ke4 Nf5 53. Rh2 h4 54. Kd3 h3 55. Kc4 Nd6+ 56. Kd3 e5 57. Rxh3 e4# 0-1

[Event "*** Titled Tuesday 3|2 Blitz"]
[Site "Chess.com"]
[Date "2015.02.24"]
[Round "9"]
[White "pedromartinez91"]
[Black "tigrangharamian"]
[Result "1-0"]
[WhiteElo "2173"]
[BlackElo "2507"]
[TimeControl "180+2"]
[EndTime "13:01:41 PST"]
[Termination "pedromartinez91 won by resignation"]

1. e4 c5 2. Nf3 d6 3. Bb5+ Bd7 4.
Bxd7+ Nxd7 5. O-O Ngf6 6. Re1 Rc8 7. c3 e6 8. Qa4 a6 9. d4 cxd4 10. cxd4 Be7 11. Nc3 O-O 12. e5 dxe5 13. dxe5 Ne8 14. Qg4 g6 15. Bh6 Ng7 16. Rad1 Qc7 17. Ne4 Nxe5 18.
Nxe5 Qxe5 19. Nd6 Qxb2 20. Nxc8 Rxc8 21. Rd7 Nf5 22. Bf4 Qb5 23. Qd1 Bf6 24. Bc7 Qc6 25.
Bg3 h5 26. h3 Kg7 27. Be5 Bxe5 28. Rxe5 Nh4 29. f3 Qc2 30. Re2 Qxd1+ 31. Rxd1 Rc7 32.
Rd6 Nf5 33. Rb6 h4 34. Reb2 Rc4 35. Rxb7 Ra4 36. R7b4 Ra5 37. Kf2 g5 38. Rg4 Kf6 39.
Rc4 Ne7 40. f4 Rf5 41. g4 hxg3+ 42. Kxg3 Nd5 43. fxg5+ Rxg5+ 44. Rg4 Rh5 45. Rf2+ Ke7 46. Ra4 Nc3 47. Rxa6 Ne4+ 48. Kg4 Rg5+ 49. Kh4 f5 50. Re2 Rg8 51. Ra7+ Kf6 52. Rh7 Ke5 53. Rh6 Ra8 54. Kh5 Rg8 55. Rg6 Rh8+ 56. Rh6 Rg8 57. h4 Kf4 58.
Rxe4+ fxe4 59. Rxe6 e3 60. Kh6 Kf3 61. Kh7 e2 62.
Kxg8 1-0

[Event "*** Titled Tuesday 3|2 Blitz"]
[Site "Chess.com"]
[Date "2015.02.24"]
[Round "9"]
[White "guillead1"]
[Black "PauloCesarCosta"]
[Result "1-0"]
[WhiteElo "2259"]
[BlackElo "2062"]
[TimeControl "180+2"]
[EndTime "13:01:49 PST"]
[Termination "guillead1 won on time"]

1. d4 d5 2. c4 c6 3. Nf3 e6 4. g3 Nf6 5. Bg2 Bb4+ 6. Nc3 Ne4 7.
Bd2 Nxd2 8. Nxd2 dxc4 9. Nxc4 O-O 10. O-O Nd7 11. Qb3 Bxc3 12. bxc3 Nb6 13. Ne5 Nd7 14. Nc4 Nb6 15. Ne5 Nd7 16. Nd3 Qe7 17. Qb4 Qxb4 18.
cxb4 Rd8 19. e3 Nf6 20. Rfc1 Bd7 21. b5 Rac8 22. Ne5 Nd5 23. bxc6 Bxc6 24. Nxc6 Rxc6 25. Rxc6 bxc6 26. Rc1 Rd6 27. Rc5 Kf8 28. Ra5 Rd7 29. Be4 f5 30. Bc2 Rb7 31. Rc5 Rb6 32. Ba4 Ne7 33. Ra5 Rb7 34. Bb3 Nd5 35. Ra6 Rc7 36.
a3 Ke7 37. Ba4 Kd6 38. Ra5 g5 39. Rc5 g4 40. Kg2 Kd7 41. Bc2 Kd6 42. e4 fxe4 43.
Bxe4 h6 44. Bc2 Rb7 45. Ba4 Rb6 46. Ra5 Rb7 47. Bd1 h5 48. Bc2 Rb2 49. Rc5 Rb6 50.
Bg6 Nf6 51. Bxh5 Nxh5 52. Rxh5 Ra6 53. Rg5 Rxa3 54. Rxg4 a5 55. h4 a4 56. h5 Rb3 57.
h6 Rb8 58. Rg7 Rh8 59. h7 Kd5 60. Ra7 a3 61. g4 Kxd4 62. g5 a2 63. g6 Ke5 64. g7 Rxh7 65. Ra5+ Kf6 66. g8=Q Rg7+ 67.
Qxg7+ Kxg7 68. Rxa2 Kf6 69. Kf3 Kf5 70. Ke3 e5 71.
Rc2 1-0

[Event "*** Titled Tuesday 3|2 Blitz"]
[Site "Chess.com"]
[Date "2015.02.24"]
[Round "9"]
[White "Nouki"]
[Black "9ShMat2"]
[Result "1/2-1/2"]
[WhiteElo "2636"]
[BlackElo "2469"]
[TimeControl "180+2"]
[EndTime "13:03:01 PST"]
[Termination "Game drawn by stalemate"]

1. d4 Nf6 2. c4 g6 3. Nc3 d5 4.
Bg5 Ne4 5. cxd5 Nxg5 6. Qa4+ Bd7 7. Qb3 c5 8. dxc5 Na6 9. Qc4 b5 10. Qf4 b4 11. Nd1 f6 12. c6 Bc8 13. e4 e5 14.
Qe3 Nc5 15. f3 Bd6 16. h4 Nf7 17. h5 O-O 18. hxg6 hxg6 19. Nf2 Na4 20. Qd2 Qb6 21.
Ne2 Ng5 22. Nc1 Nc5 23. Nd1 Rf7 24. Ne3 a5 25. Nc4 Qd8 26. Qe3 Be7 27. Nb3 Nxb3 28.
axb3 Qf8 29. Rxa5 Rxa5 30. Nxa5 Bc5 31. Qc1 Bd4 32. Bd3 Kg7 33. Nc4 Ra7 34. Ke2 Qc5 35. Ne3 Qd6 36. Nc2 Bc5 37. Qe1 Ra2 38. Qh4 Kf7 39. Qh8 Qf8 40. Bc4 Ke8 41. Kd2 Bd6 42. Bb5 Kf7 43. Ba4 f5 44. Qxf8+ Bxf8 45. Kc1 fxe4 46.
fxe4 Nxe4 47. Kb1 Rxa4 48. bxa4 Nf6 49. a5 Nxd5 50. Rh7+ Ke6 51. Ra7 Kd6 52. Ra8 Kc7 53.
a6 Nb6 54. Ra7+ Kxc6 55. Rf7 Bc5 56. a7 Bb7 57. Rf6+ Kc7 58. Rf7+ Kc6 59. Na1 Na8 60. Nb3 Bxa7 61. Na5+ Kb6 62. Nxb7 Nc7 63. Nd6 Kc6 64. Ne4 Bd4 65. Rf6+ Kd5 66. Nd2 e4 67. Rxg6 e3 68. Nf3 Ne6 69. Rg8 e2 70. Re8 Nf4 71. Kc2 Nxg2 72. Nxd4 Kxd4 73. Rxe2 Nf4 74. Rh2 Nd5 75.
Rh4+ Kc5 76. Kb3 Kb5 77. Rh5 Kc6 78. Rxd5 Kxd5 79. Kxb4 Kc6 80. Ka5 Kb7 81. Kb5 Kc7 82. Ka6 Kc8 83. Ka7 Kc7 84. b4 Kc6 85. Ka6 Kc7 86.
b5 Kb8 87. b6 Ka8 88. b7+ Kb8 89. Kb6 1/2-1/2